 Dungeon Crawl Stone Soup version 0.30-a0-728-gc68057be0a (webtiles) character file.

Game seed: 11865513497172949187

79 GiantSquids the Shooter (level 4, -2/34 HPs)
             Began as a Barachi Hunter on Feb 1, 2023.
             Slain by an orc wizard
             ... wielding a +0 dagger
              (3 damage)
             ... on level 3 of the Dungeon.
             The game lasted 00:05:13 (1976 turns).

GiantSquids the Shooter (Barachi Hunter)            Turns: 1976, Time: 00:05:13

Health: -2/34      AC:  8    Str: 13    XL:     4   Next: 38%
Magic:  4/4        EV: 13    Int:  9    God:
Gold:   82         SH:  0    Dex: 17    Spells: 3/3 levels left

rFire   . . .      SeeInvis .    a - +0 shortbow
rCold   . . .      Faith    .    (shield currently unavailable)
rNeg    . . .      Spirit   .    c - +0 leather armour
rPois   .          Reflect  .    (no helmet)
rElec   .          Harm     .    (no cloak)
rCorr   .          Rampage  .    (no gloves)
Will    .....                    q - +0 pair of boots
Stlth   ++                       (no amulet)
HPRegen 0.25/turn                s - +4 ring of protection
MPRegen 0.09/turn                (no ring)

@: slow
A: amphibious, slowness 1, strong legs 1, +LOS
a: Hop


You were on level 3 of the Dungeon.
You visited 1 branch of the dungeon, and saw 3 of its levels.

You collected 82 gold pieces.

Inventory:

Hand Weapons
 a - a +0 shortbow (weapon)
Armour
 c - a +0 leather armour (worn)
 q - a +0 pair of boots (worn)
Jewellery
 s - a +4 ring of protection (left hand)
Scrolls
 b - a scroll of immolation
 f - a scroll of identify
 k - a scroll of acquirement
 m - a scroll of fear
 n - a scroll of teleportation
 o - a scroll of brand weapon
 r - 3 scrolls of fog
 t - a scroll of silence {unknown}
Potions
 d - a potion of attraction
 e - a potion of heal wounds {unknown}
 g - a potion of lignification {unknown}
 h - a potion of haste {unknown}
 i - a potion of cancellation {unknown}
 j - a potion of berserk rage {unknown}
 l - 2 potions of invisibility
 p - 2 potions of might


   Skills:
 - Level 2.4 Fighting
 + Level 4.9 Ranged Weapons
 + Level 3.8 Dodging
 - Level 0.8 Stealth


You had 3 spell levels left.
You didn't know any spells.
Your spell library contained the following spells:

 Spells                   Type           Power      Damage    Failure   Level
 Magic Dart               Conj           0%         1d3       45%         1
 Call Imp                 Summ           0%         N/A       61%         2
 Lesser Beckoning         Tloc           0%         N/A       61%         2
 Gell's Gravitas          Tloc           0%         N/A       83%         3
 Mephitic Cloud           Conj/Pois/Air  0%         N/A       83%         3
 Teleport Other           Tloc           0%         N/A       83%         3


Dungeon Overview and Level Annotations

Branches:
Dungeon (3/15)

Altars:
Nemelex Xobeh

Shops:
D:1 ?


Innate Abilities, Weirdness & Mutations

You are amphibious.
You cover ground slowly.
You can hop short distances.
You have an extended range of vision and can be seen from far away.


Message History

Something hits you but does no damage.
You shoot an arrow.
You are ready to hop once more.
Something hits you.
You shoot an arrow. Something hits you.
You hear some strange, mumbled words.
A puff of flame appears from out of thin air!
The puff of flame hits something!
Reactivating autopickup.
You feel a bit more experienced.
You hear some strange, mumbled words.
A puff of flame appears from out of thin air!
Deactivating autopickup; reactivate with Ctrl-A.
The puff of flame hits you! Something hits you.
Things that are here:
a +0 dagger; a +0 robe; an orc corpse You shoot an arrow.
Something hits you but does no damage.
You shoot an arrow. Something hits you.
You shoot an arrow.
Something hits you but does no damage. x2
You shoot an arrow. Something hits you.
* * * LOW HITPOINT WARNING * * *
You shoot an arrow.
You hear some strange, mumbled words.
A magic dart appears from out of thin air!
The magic dart hits you!
* * * LOW HITPOINT WARNING * * *
Fire: a) +0 shortbow
Press: ? - help, Shift-Dir - straight line You shoot an arrow.
Something hits you but does no damage.
Fire: a) +0 shortbow
Press: ? - help, Shift-Dir - straight line, f - you Really target yourself? [Y]es or [N]o only, please.
Really target yourself?
Fire: a) +0 shortbow
Press: ? - help, Shift-Dir - straight line You shoot an arrow.
Something hits you.
* * * LOW HITPOINT WARNING * * *
Something hits you.
You die...

#.#.## ##.......#
##....####........<
..)).o..+.....)...
#.....# #.#
##.....## #.#
##...## #{# ##'##
#@# #.# #.# #.# #.#
##.#### #.# ###
##...... ##.###.##
#.....##
#...#.#.#####...###
#..................
#...#.#.######.####
######.## #.####


There were no monsters in sight!

Vanquished Creatures
  2 worms (D:2)
  A dart slug (D:1)
  8 orcs
  7 bats
  An endoplasm (D:1)
  A goblin (D:1)
  4 hobgoblins
  4 jackals (D:2)
  3 quokkas
  3 ball pythons
  4 frilled lizards
  2 kobolds (D:1)
  7 rats
47 creatures vanquished.

Vanquished Creatures (others)
  An orc wizard (D:3)
1 creature vanquished.

Grand Total: 48 creatures vanquished

Notes
Turn   | Place    | Note
-------+----------+-------------------------------------------
     0 | D:1      | GiantSquids the Barachi Hunter began the quest for the Orb.
     0 | D:1      | Reached XP level 1. HP: 17/17 MP: 1/1
   198 | D:1      | Reached XP level 2. HP: 4/23 MP: 2/2
   321 | D:1      | Found Suklill's Magic Scroll Boutique.
   744 | D:1      | Reached XP level 3. HP: 28/28 MP: 3/3
  1490 | D:2      | Found a sparkling altar of Nemelex Xobeh.
  1776 | D:2      | Identified a scroll of acquirement
  1827 | D:3      | Reached XP level 4. HP: 34/34 MP: 4/4
  1976 | D:3      | HP: 1/34 [something (2)]
  1976 | D:3      | Slain by an orc wizard

Illustrated notes

Levels and vault maps discovered:
D:1:      dpeg_arrival_boxes_within_box, layout_loops_ring, serial_shops, shop,
          minmay_misc_feat_plants, dreamdust_princess_corridor
D:2:      layout_basic, basic_altar
D:3:      layout_loops_corners, mainiacjoe_overflow_24_doors,
          mainiacjoe_overflow_catwalk, minmay_misc_feat_five

Skill      XL: |  1  2 |
---------------+-------+-----
Dodging        | 3 |  3.8
Fighting       | |  2.4
Ranged Weapons | |  4.9
Stealth        | |  0.8

Action                     |  1- 3 |  4- 6 || total
---------------------------+-------+-------++-------
   Fire: Shortbow          |   117 |    27 ||   144
Ability: Hop               |     1 |     1 ||     2
    Use: Scroll            |     8 |       ||     8
 Armour: Leather armour    |     8 |    12 ||    20
  Dodge: Dodged            |    21 |     3 ||    24

Table legend: (Time is in decaauts)
 A = Elapsed time spent in this place.
 B = Non-inter-level travel time spent in this place.
 C = Inter-level travel time spent in this place.
 D = Time resting spent in this place.
 E = Time spent auto-exploring this place.
 F = Levels seen in this place.
 G = Mean time per level.
                   A        B        C        D        E       F      G
               +--------+--------+--------+--------+--------+-----+--------+
         Total |   2329 |   2237 |     92 |      0 |   1914 |   3 |  776.3 |
       Dungeon |   2329 |   2237 |     92 |      0 |   1914 |   3 |  776.3 |
               +--------+--------+--------+--------+--------+-----+--------+

Top non-repeatable levels by time:
     D:1: 1078 daAuts
     D:2: 1052 daAuts
     D:3: 198 daAuts
